 Dungeon Sprint DCSS version 0.25-a0-474-ga8a2ee3166 (webtiles) character file.

Game seed: 6704655426019715380, levelgen mode: deterministic

156 night the Ruffian (level 5, -5/57 HPs)
             Began as a Troll Fighter on Feb 6, 2020.
             Slain by a fire elemental (12 damage)
             ... summoned by a deep elf mage
             ... in the Dungeon (Sprint III: "The Ten Rune Challenge").
             The game lasted 00:01:57 (290 turns).

night the Ruffian (Troll Fighter)                    Turns: 290, Time: 00:01:58

Health: -5/57      AC:  6    Str: 25    XL:     5   Next: 14%
Magic:  4/4        EV: 14    Int:  6    God:
Gold:   33         SH: 10    Dex: 14    Spells: 4/4 levels left

rFire    . . .     SeeInvis .     - Unarmed
rCold    . . .     Gourm    +   b - +0 shield
rNeg     . . .     Faith    .   a - +0 robe
rPois    .         Spirit   .   (helmet restricted)
rElec    .         Reflect  .   (no cloak)
rCorr    .         Harm     .   (gloves unavailable)
MR       .....     NoTele   +   (boots unavailable)
Stlth    +++.......             (no amulet)
HPRegen  0.59/turn              (no ring)
MPRegen  0.09/turn              (no ring)

@: agile
A: large, unfitting armour, antennae 1, claws 3, clever 1, fast metabolism 3,
gourmand, regeneration 1, shaggy fur 1, tough skin 3
a: no special abilities


You were in the Dungeon.
You were not hungry.

You visited 1 branch You collected 33 gold pieces.

Inventory:

Armour
 a - a +0 robe (worn)
 b - a +0 shield (worn)
Scrolls
 j - a scroll of blinking
 n - 6 scrolls of remove curse
Potions
 c - a potion of might
 g - 2 potions of haste
 h - 2 potions of magic
 i - a potion of berserk rage
 k - a potion of mutation
Comestibles
 d - 4 rations


   Skills:
 + Level 5.4 Fighting
 - Level 2.4 Dodging
 - Level 0.7 Stealth
 + Level 5.4 Shields
 * Level 6.3 Unarmed Combat


You had 4 spell levels left.
You didn't know any spells.
Your spell library was empty.

Dungeon Overview and Level Annotations

Branches:
Dungeon (1/1)

Altars:
Elyvilon
Zin
The Shining One


Innate Abilities, Weirdness & Mutations

You are too large for most types of armour.
You have claws for hands.
Your metabolism is lightning-fast.
You like to eat raw meat.
Your natural rate of healing is unusually fast.
You are covered in fur. (AC +1)
You have extremely tough skin. (AC +3)
You have a pair of small antennae on your head.
Your mind is acute. (Int +2)


Message History

* * * LOW HITPOINT WARNING * * *
You scratch the fire elemental.
The fire elemental is heavily damaged.
You block the fire elemental's attack. x2
You barely miss the fire elemental.
The fire elemental is heavily damaged.
You feel a little less clever now. The fire elemental hits you.
The fire elemental burns you!
* * * LOW HITPOINT WARNING * * *
The fire elemental barely misses you. The fire elemental closely misses you.
You block the fire elemental's attack.
You claw the fire elemental!
The fire elemental is severely damaged.
You block the fire elemental's attack. The fire elemental hits you.
The fire elemental burns you!
* * * LOW HITPOINT WARNING * * *
You feel better.
The deep elf mage mumbles some strange words.
The fire elemental hits you. The fire elemental burns you!
You die...

▓▓▓▓▓▓ ▓▓▓ .#(..####
##.#####
.#......#####..#_EE#
##.......#..#..#@Ee#
.##.##.[.#..#..###E#+###+#
.##.###..##'#..#..........
####.##..###...'.⌠........
##..##..####...#...######+
....##..###....#.⌠.#
#..##...##.....#...#
..##...÷#......#+###
.###..##.#.....#


You could see a deep elf mage and 4 fire elementals.

Vanquished Creatures
  A water elemental (D)
  A scorpion (D)
  Jessica (D)
  A human (D)
  An ooze (D)
  2 rats (D)
7 creatures vanquished.

Vanquished Creatures (others)
  A yaktaur (D)
  6 hellions (D)
  A plant (D)
8 creatures vanquished.

Grand Total: 15 creatures vanquished

Notes
Turn   | Place    | Note
-------+----------+-------------------------------------------
     0 | D        | night the Troll Fighter began the quest for the Orb.
     0 | D        | Reached XP level 1. HP: 22/22 MP: 0/0
    24 | D        | Noticed Jessica
    32 | D        | Killed Jessica
    32 | D        | Reached skill level 3 in Unarmed Combat
    32 | D        | Reached XP level 2. HP: 20/32 MP: 1/1
    32 | D        | Reached XP level 3. HP: 25/39 MP: 2/2
    84 | D        | Reached skill level 4 in Unarmed Combat
   104 | D        | Killed a hellion
   113 | D        | Killed a hellion
   114 | D        | Killed a hellion
   114 | D        | Killed a hellion
   115 | D        | Killed a hellion
   115 | D        | Killed a hellion
   130 | D        | Noticed a scorpion
   137 | D        | Killed a scorpion
   137 | D        | Reached skill level 5 in Unarmed Combat
   137 | D        | Reached XP level 4. HP: 44/49 MP: 3/3
   166 | D        | Noticed a water elemental
   170 | D        | Killed a yaktaur
   174 | D        | Killed a water elemental
   174 | D        | Reached skill level 5 in Fighting
   174 | D        | Reached skill level 5 in Shields
   174 | D        | Reached skill level 6 in Unarmed Combat
   174 | D        | Reached XP level 5. HP: 27/57 MP: 4/4
   242 | D        | Gained mutation: Your mind is acute. (Int +2) [potion of
                  | mutation]
   242 | D        | Gained mutation: You have a pair of small antennae on your
                  | head. [potion of mutation]
   277 | D        | Found a glowing silver altar of Zin.
   277 | D        | Found a glowing golden altar of the Shining One.
   277 | D        | Found a white marble altar of Elyvilon.
   278 | D        | Noticed a deep elf mage
   281 | D        | Noticed a fire elemental
   281 | D        | Noticed a fire elemental
   284 | D        | HP: 5/57 [fire elemental[a deep elf mage] (12)]
   289 | D        | HP: 1/57 [fire elemental[a deep elf mage] (10)]
   290 | D        | Slain by a fire elemental

Levels and vault maps discovered:
D:        dungeon_sprint_mu [sprint_mu_entry_cave, sprint_mu_temple_rooms,
          sprint_mu_d1_horrors, sprint_mu_d2_genie, sprint_mu_d3_branching,
          sprint_mu_orc_legion, sprint_mu_elf_gauntlet, sprint_mu_hive_nellie,
          sprint_mu_lair_fedhas, sprint_mu_vaults_butterflies,
          sprint_mu_slime_circle, sprint_mu_swamp_cave, sprint_mu_shoals_kraken,
          sprint_mu_blade_basic, sprint_mu_crypt_chambers,
          sprint_mu_tomb_spiral, sprint_mu_vestibule_basic,
          sprint_mu_gehenna_hellfire, sprint_mu_dis_giant,
          sprint_mu_tartarus_statrot, sprint_mu_cocytus_islands, sprint_mu_zot1]

Skill      XL: |  1  2  3  4 |
---------------+-------------+-----
Fighting       | 3 4 5 |  5.4
Shields        | 3 4 5 |  5.4
Unarmed Combat | 3 5 6 |  6.3
Dodging        | |  2.4
Stealth        | |  0.7

Action                   |  1- 3 |  4- 6 || total
-------------------------+-------+-------++-------
Melee: Unarmed           |    29 |    13 ||    42
  Use: Potion            |       |     6 ||     6
       Scroll            |       |     3 ||     3
 Stab: Sleeping          |     1 |       ||     1
  Eat: Chunk             |     3 |       ||     3
Armor: Robe              |     2 |    10 ||    12
Dodge: Dodged            |     6 |     9 ||    15
Block: Shield            |     6 |     7 ||    13

Table legend:
 A = Non-vault XP
 B = Vault XP
 C = Vault XP percentage of total XP
 D = Non-vault monster count
 E = Vault monster count
 F = Vault count percentage of total count
                 A         B        C        D         E       F
            +---------+---------+-------+---------+---------+-------
      Total |       0 |     223 | 100.0 |       0 |       7 | 100.0
            +---------+---------+-------+---------+---------+-------
          D |       0 |     223 | 100.0 |       0 |       7 | 100.0
            +---------+---------+-------+---------+---------+-------
